 Dungeon Crawl Stone Soup version 0.25.1-2-g60ff931df9 (webtiles) character file.

Game seed: 17807161887563638612

89210 gruber the Thaumaturge (level 15, -6/118 HPs)
             Began as a Gnoll Skald on Sept 10, 2020.
             Was an Initiate of Gozag.
             Killed from afar by Roxanne (21 damage)
             ... with an iron shot
             ... on level 15 of the Dungeon.
             The game lasted 00:50:04 (31243 turns).

gruber the Thaumaturge (Gnoll Skald)               Turns: 31243, Time: 00:50:05

Health: -6/118     AC: 23    Str: 14    XL:     15   Next: 96%
Magic:  0/30       EV: 15    Int: 23    God:    Gozag
Gold:   9034       SH: 11    Dex: 16    Spells: 23/36 levels left

rFire    + + .     SeeInvis .   M - +4 scimitar (flame)
rCold    + . .     Gourm    .   P - +0 kite shield {rPois}
rNeg     . . .     Faith    .   Y - +0 shadow dragon scales
rPois    +         Spirit   +   F - +1 helmet {Int+3}
rElec    .         Reflect  .   y - +2 cloak
rCorr    .         Harm     .   (no gloves)
MR       +....                  N - +1 pair of boots of Plog {+Fly rF++ rC+}
Stlth    ++++++....             r - amulet of guardian spirit
HPRegen  0.29/turn              s - ring of wizardry
MPRegen  0.22/turn              G - +4 ring of evasion (curse)

@: studying Conjurations
A: distributed training, fangs 1, strong nose
a: Potion Petition, Call Merchant, Bribe Branch, Renounce Religion, Evoke Flight


You were on level 15 of the Dungeon.
You worshipped Gozag.
Gozag was greatly pleased with you.
You were not hungry.

You visited 4 branches of the dungeon, and saw 24 of its levels.
You also visited: Ossuary and Gauntlet.

You collected 9929 gold pieces.
You spent 736 gold pieces at shops.
You paid 159 gold pieces to Gozag.

Inventory:

Hand Weapons
 B - a +2 trident
 C - the +5 dagger of Objectivity {pain, +Inv}
   (You took it off a centaur on level 12 of the Dungeon)

   In the hands of one skilled in necromantic magic, it inflicts extra damage on
   living creatures.
   It lets you turn invisible.
 M - a +4 scimitar of flaming (weapon)
 O - a +1 vampiric long sword
Missiles
 h - 6 silver javelins
 K - 7 curare-tipped darts
 W - 16 javelins (quivered)
Armour
 y - a +2 cloak (worn)
 F - a +1 helmet of intelligence (worn)
 N - the +1 pair of boots of Plog (worn) {+Fly rF++ rC+}
   (You found it in a Gauntlet)

   It greatly protects you from fire.
   It protects you from cold.
   It lets you fly.
 P - a +0 kite shield of poison resistance (worn)
 Y - +0 shadow dragon scales (worn)
 Z - a +1 helmet of see invisible
Jewellery
 a - a +4 ring of evasion
 l - an uncursed ring of protection from magic
 r - an amulet of guardian spirit (around neck)
 s - a ring of wizardry (left hand)
 G - a cursed +4 ring of evasion (right hand)
 V - an uncursed ring of resist corrosion
Wands
 q - a wand of acid (22)
 D - a wand of disintegration (14)
 H - a wand of iceblast (38)
 I - a wand of paralysis (23)
 J - a wand of polymorph (11)
 S - a wand of clouds (12)
Scrolls
 f - 13 scrolls of teleportation
 i - 16 scrolls of remove curse
 k - a scroll of vulnerability
 n - 2 scrolls of magic mapping
 p - 12 scrolls of blinking {unknown}
 u - 2 scrolls of fog
 T - 2 scrolls of summoning
 X - a scroll of holy word
Potions
 c - 6 potions of flight
 e - 3 potions of heal wounds
 g - 2 potions of berserk rage
 j - 5 potions of magic
 o - 6 potions of curing
 t - 3 potions of cancellation
 v - 6 potions of stabbing
 w - 4 potions of haste
 x - 3 potions of might
 z - 3 potions of ambrosia
 A - a potion of invisibility
 U - a potion of brilliance
Books
 Q - a manual of Conjurations
Miscellaneous
 R - a phial of floods
Comestibles
 d - 15 rations


   Skills:
 + Level 11.1 Fighting
 + Level 10.2 Short Blades
 + Level 10.2 Long Blades
 + Level 10.2 Axes
 + Level 10.2 Maces & Flails
 + Level 11.1 Polearms
 + Level 10.2 Staves
 + Level 10.2 Slings
 + Level 10.2 Bows
 + Level 10.2 Crossbows
 + Level 10.2 Throwing
 + Level 10.6 Armour
 + Level 11.1 Dodging
 + Level 10.2 Stealth
 + Level 10.2 Shields
 + Level 10.2 Unarmed Combat
 + Level 11.3 Spellcasting
 + Level 10.2 Conjurations
 + Level 8.7 Hexes
 + Level 10.2 Charms
 + Level 8.7 Summonings
 + Level 8.7 Necromancy
 + Level 8.7 Translocations
 + Level 8.7 Transmutations
 + Level 8.7 Fire Magic
 + Level 8.7 Ice Magic
 + Level 8.7 Air Magic
 + Level 8.7 Earth Magic
 + Level 8.7 Poison Magic
 + Level 11.1 Invocations
 + Level 10.2 Evocations


You had 23 spell levels left.
You knew the following spells:

 Your Spells              Type           Power        Failure   Level  Hunger
a - Infusion              Chrm           ####         1%          1    None
b - Song of Slaying       Chrm           ######..     1%          2    None
c - Shroud of Golubria    Chrm/Tloc      ######       1%          2    None
d - Ozocubu's Armour      Chrm/Ice       ######..     3%          3    None
e - Spectral Weapon       Hex/Chrm       ######..     3%          3    None
f - Blink                 Tloc           N/A          2%          2    None

Your spell library contained the following spells:

 Spells                   Type           Power        Failure   Level  Hunger
 Magic Dart               Conj           ####         1%          1    None
 Swiftness                Chrm/Air       ######..     1%          2    None
 Call Imp                 Summ           ######..     2%          2    None
 Poisonous Vapours        Pois/Air       ######       2%          2    None
 Slow                     Hex            ######..     2%          2    None
 Conjure Flame            Conj/Fire      ######..     3%          3    None
 Dazzling Flash           Conj/Hex       ######       3%          3    None
 Mephitic Cloud           Conj/Pois/Air  ######..     3%          3    None
 Confusing Touch          Hex            ######..     4%          3    None
 Inner Flame              Hex/Fire       ######..     4%          3    None
 Portal Projectile        Hex/Tloc       ######       4%          3    None
 Recall                   Summ/Tloc      N/A          4%          3    None
 Iskenderun's Battlesphe  Conj/Chrm      ######..     21%         5    ####...
 Irradiate                Conj/Tmut      ######....   26%         5    ####...
 Bolt of Magma            Conj/Fire/Erth ######....   30%         5    ####...
 Summon Mana Viper        Hex/Summ       ######..     34%         5    ####...
 Iron Shot                Conj/Erth      ######....   80%         6    #####..
 Hydra Form               Tmut           ######....   88%         6    #####..
 Statue Form              Tmut/Erth      ######...    88%         6    #####..
 Orb of Destruction       Conj           ######....   99%         7    #######
 Dragon Form              Tmut           ######....   100%        7    #######
 Ring of Flames           Chrm/Fire      ######....   100%        7    #######
 Spellforged Servitor     Conj/Summ      ######....   100%        7    #######
 Controlled Blink         Tloc           N/A          100%        8    #######


Dungeon Overview and Level Annotations

Branches:
Dungeon (15/15)            Temple (1/1) D:7            Lair (6/6) D:8
  Swamp (0/4) Lair:3       Spider (0/4) Lair:3        Slime (0/5) Lair:5
    Orc (2/2) D:10            Elf (0/3) Orc:2        Vaults (0/5) D:14
Ossuary (visited)         Gauntlet (visited)
 Depths: D:15

Altars:
Ashenzari
Cheibriados
Dithmenos
Elyvilon
Fedhas
Gozag
Hepliaklqana
Kikubaaqudgha
Makhleb
Nemelex Xobeh
Okawaru
Qazlal
Ru
Sif Muna
Trog
Uskayaw
Vehumet
Wu Jian
Xom
Yredelemnul
Zin
The Shining One
Beogh

Shops:
D:5 [   Orc:1 }   Orc:2 *[(*

Portals:
Trove: D:13 (give horn of Geryon)

Annotations:
D:15 Roxanne
Orc:1 3 runed translucent doors, lepoulpe303's ghost, journeyman SpEE


Innate Abilities, Weirdness & Mutations

Your experience applies equally to all skills.
You have very sharp teeth.
Your uncanny sense of smell can sniff out nearby items.


Message History

You hit Roxanne but do no damage.
Roxanne is severely damaged.
Your spectral weapon hits Roxanne!
Roxanne mumbles some strange words.
The iron shot hits you!!
* * * LOW HITPOINT WARNING * * *
Unknown command.
Unknown command.
You hit Roxanne but do no damage.
Roxanne is almost destroyed.
Your spectral weapon hits Roxanne!
Unknown command.
Unknown command.
You hit Roxanne but do no damage.
Roxanne is almost destroyed.
Your spectral weapon hits Roxanne!
Roxanne casts a spell.
The iron shot hits you!!
You die...
Your body crumbles into a pile of gold.

### #.# ##.(# ### #.#
..... #.# ##.# ....#
##.# #..# #...###
##..###..#
#....###....#...# $
#.8(...........#
####..@...........#
#............)....##
.......#######......##
......# ##).....#
...... #).###..#
..##^. #)## #..# # ##
#)# #.. ##.# #. ###..#
#


You could see Roxanne and a friendly spectral +4 scimitar of flaming.

Vanquished Creatures
  Saint Roka (Orc:2)
  Jorgrun (D:13)
  Kirke (D:15)
  A stone giant (D:12)
  A dire elephant (Lair:6)
  A minotaur (Gauntlet)
  Snorg (Orc:2)
  Erolcha (Orc:2)
  An ice dragon (Lair:6)
  8 hydras
  A catoblepas (Lair:6)
  2 death knights
  7 two-headed ogres
  3 centaur warriors
  An ogre mage (D:12)
  A deep troll shaman (Lair:6)
  A satyr (shapeshifter) (D:14)
  Urug (Lair:6)
  A tengu warrior (D:12)
  9 death yaks
  Nergalle (Lair:3)
  Sonja (D:10)
  2 fire crabs
  2 unseen horrors
  A wizard (D:14)
  2 phantasmal warriors (D:11)
  4 orc knights
  A manticore (D:12)
  6 ugly things
  3 orc sorcerers (Orc:2)
  3 elephants (Lair:6)
  2 cyclopes (D:13)
  Maurice (D:13)
  2 black mambas (Lair:5)
  A torpor snail (shapeshifter) (D:12)
  6 spiny frogs
  Maggie (D:7)
  3 rime drakes
  4 kobold demonologists (D:12)
  5 komodo dragons
  An efreet (D:12)
  2 freezing wraiths (D:12)
  2 polar bears (Lair:6)
  A queen bee (shapeshifter) (D:14)
  6 trolls
  2 slime creatures
  14 blink frogs
  8 hippogriffs
  A raiju (shapeshifter) (D:14)
  7 dream sheep (Lair:6)
  24 yaks
  4 wraiths
  A spriggan (Lair:5)
  A wyvern (Lair:3)
  3 shadows
  A hog (shapeshifter) (D:13)
  2 basilisks
  6 hogs
  6 fire bats (Gauntlet)
  A human (D:9)
  3 vampire mosquitoes
  2 hungry ghosts
  8 wargs
  3 swamp worms (Gauntlet)
  10 water moccasins
  2 soldier ants
  3 porcupines
  2 hell hounds (Gauntlet)
  30 orc warriors
  2 black bears
  6 ice beasts
  2 phantoms (D:12)
  An eye of draining (D:12)
  3 sky beasts
  A boggart (D:12)
  2 necrophages
  21 wolves
  17 ogres
  13 centaurs
  7 crocodiles
  5 big kobolds
  A wyvern zombie (D:12)
  19 bullfrogs
  A water moccasin skeleton (D:5)
  2 scorpions
  20 killer bees
  11 wights
  13 howler monkeys
  9 crimson imps
  A bullfrog zombie (D:12)
  8 jellies
  5 centaur zombies
  6 hounds
  18 orc priests
  34 orc wizards
  Crazy Yiuf (D:2)
  2 bullfrog skeletons (D:12)
  7 centaur skeletons
  Terence (D:3)
  5 iguanas
  12 worker ants
  A killer bee zombie (D:7)
  2 hound skeletons
  2 mummies
  A worker ant zombie (D:5)
  11 adders
  A river rat (D:5)
  7 gnolls
  4 shadow imps
  3 white imps (Lair:6)
  An ooze (D:5)
  2 worms
  2 dart slugs (D:1)
  4 leopard geckos
  84 orcs
  3 ball pythons
  4 giant cockroaches
  3 goblins
  4 hobgoblins
  22 jackals
  29 kobolds
  6 quokkas
  8 bats
  5 frilled lizards
  A giant cockroach zombie (D:5)
  7 gnoll skeletons (Ossuary)
  6 kobold skeletons (Ossuary)
  A leopard gecko skeleton (D:4)
  12 orc skeletons (Ossuary)
  12 rats
  A fungus (D:2)
756 creatures vanquished.

Vanquished Creatures (others)
  3 humans (D:15)
  A vampire mosquito (D:12)
  An eye of draining (D:12)
  An orc (D:15)
  A jackal (D:6)
  4 fungi
  6 plants
  23 spectral weapons
40 creatures vanquished.

Grand Total: 796 creatures vanquished

Notes
Turn   | Place    | Note
-------+----------+-------------------------------------------
     0 | D:1      | gruber the Gnoll Skald began the quest for the Orb.
     0 | D:1      | Reached XP level 1. HP: 20/20 MP: 6/6
    58 | D:1      | Reached XP level 2. HP: 18/26 MP: 3/7
   408 | D:1      | Learned a level 2 spell: Song of Slaying
   411 | D:1      | Learned a level 2 spell: Shroud of Golubria
   502 | D:1      | Reached XP level 3. HP: 30/31 MP: 9/9
   507 | D:1      | Learned a level 3 spell: Ozocubu's Armour
   511 | D:1      | Learned a level 3 spell: Spectral Weapon
   542 | D:1      | Reached skill level 5 in Spellcasting
  1287 | D:2      | Reached skill level 1 in Invocations
  1296 | D:2      | Reached skill level 1 in Short Blades
  1296 | D:2      | Reached skill level 1 in Long Blades
  1296 | D:2      | Reached skill level 1 in Axes
  1296 | D:2      | Reached skill level 1 in Maces & Flails
  1296 | D:2      | Reached skill level 1 in Staves
  1296 | D:2      | Reached skill level 1 in Slings
  1296 | D:2      | Reached skill level 1 in Bows
  1296 | D:2      | Reached skill level 1 in Crossbows
  1296 | D:2      | Reached skill level 1 in Throwing
  1296 | D:2      | Reached skill level 1 in Stealth
  1296 | D:2      | Reached skill level 1 in Shields
  1296 | D:2      | Reached skill level 1 in Unarmed Combat
  1296 | D:2      | Reached skill level 1 in Evocations
  1301 | D:2      | Reached XP level 4. HP: 23/38 MP: 1/11
  1816 | D:2      | Reached skill level 1 in Conjurations
  1816 | D:2      | Reached skill level 1 in Hexes
  1816 | D:2      | Reached skill level 1 in Summonings
  1816 | D:2      | Reached skill level 1 in Necromancy
  1816 | D:2      | Reached skill level 1 in Translocations
  1816 | D:2      | Reached skill level 1 in Transmutations
  1816 | D:2      | Reached skill level 1 in Fire Magic
  1816 | D:2      | Reached skill level 1 in Ice Magic
  1816 | D:2      | Reached skill level 1 in Air Magic
  1816 | D:2      | Reached skill level 1 in Earth Magic
  1816 | D:2      | Reached skill level 1 in Poison Magic
  1932 | D:2      | Found a faded altar of an unknown god.
  2342 | D:2      | Found a runed translucent door.
  2343 | D:2      | Noticed Crazy Yiuf
  2357 | D:2      | Killed Crazy Yiuf
  2357 | D:2      | Reached XP level 5. HP: 31/43 MP: 0/12
  2561 | D:3      | Found a white marble altar of Elyvilon.
  2663 | D:3      | Noticed Terence
  2677 | D:3      | Killed Terence
  3619 | D:4      | Reached XP level 6. HP: 47/50 MP: 10/13
  4087 | D:4      | Reached skill level 5 in Fighting
  4087 | D:4      | Reached skill level 5 in Polearms
  4087 | D:4      | Reached skill level 5 in Dodging
  4458 | D:4      | HP: 2/51 [acid (7)]
  4461 | D:4      | Reached XP level 7. HP: 3/56 MP: 7/15
  5035 | D:4      | You fall into a shaft and drop 2 floors!
  5037 | D:6      | Found a burning altar of Makhleb.
  5495 | D:5      | Entered Level 5 of the Dungeon
  5548 | D:5      | Reached XP level 8. HP: 63/63 MP: 12/16
  5556 | D:5      | Found a sand-covered staircase.
  5566 | Ossuary  | Entered an ossuary
  5566 | Ossuary  | Noticed a wraith
  5566 | Ossuary  | Noticed a wraith
  5566 | Ossuary  | Noticed a wraith
  5676 | Ossuary  | Noticed a wraith
  5687 | Ossuary  | Killed a wraith
  6614 | D:5      | Found Koghaot's Antique Armour Shoppe.
  6621 | D:5      | Bought a runed cloak for 210 gold pieces
  7594 | D:6      | Reached XP level 9. HP: 52/69 MP: 14/18
  7814 | D:6      | Learned a level 2 spell: Blink
  7816 | D:6      | Found a snail-covered altar of Cheibriados.
  8341 | D:7      | Noticed Maggie
  8556 | D:7      | Killed Maggie
  8764 | D:7      | Reached skill level 5 in Armour
  8948 | D:7      | Found a hide-covered altar of Uskayaw.
  9155 | D:7      | Reached skill level 5 in Invocations
  9340 | D:7      | Found a staircase to the Ecumenical Temple.
  9650 | Temple   | Entered the Ecumenical Temple
  9886 | D:8      | Noticed a two-headed ogre
  9894 | D:8      | Killed a two-headed ogre
  9894 | D:8      | Reached XP level 10. HP: 53/77 MP: 4/20
  9898 | D:8      | Reached skill level 5 in Short Blades
  9898 | D:8      | Reached skill level 5 in Long Blades
  9898 | D:8      | Reached skill level 5 in Axes
  9898 | D:8      | Reached skill level 5 in Maces & Flails
  9898 | D:8      | Reached skill level 5 in Staves
  9898 | D:8      | Reached skill level 5 in Slings
  9898 | D:8      | Reached skill level 5 in Bows
  9898 | D:8      | Reached skill level 5 in Crossbows
  9898 | D:8      | Reached skill level 5 in Throwing
  9898 | D:8      | Reached skill level 5 in Stealth
  9898 | D:8      | Reached skill level 5 in Shields
  9898 | D:8      | Reached skill level 5 in Unarmed Combat
  9898 | D:8      | Reached skill level 5 in Evocations
 10149 | D:8      | Noticed a two-headed ogre
 10159 | D:8      | Killed a two-headed ogre
 10445 | D:8      | Found a staircase to the Lair.
 10800 | D:9      | Found an iron altar of Okawaru.
 10802 | D:9      | Found a white marble altar of Elyvilon.
 10804 | D:9      | Found a glowing golden altar of the Shining One.
 10804 | D:9      | Found a shimmering blue altar of Sif Muna.
 10804 | D:9      | Found a shadowy altar of Dithmenos.
 10804 | D:9      | Found a sparkling altar of Nemelex Xobeh.
 10804 | D:9      | Found a basalt altar of Yredelemnul.
 10954 | D:9      | Found an opulent altar of Gozag.
 10973 | D:9      | Became a worshipper of Gozag Ym Sagoz the Greedy
 11383 | D:9      | Noticed a two-headed ogre
 11395 | D:9      | Killed a two-headed ogre
 11395 | D:9      | Reached XP level 11. HP: 54/83 MP: 8/22
 11834 | D:9      | Found a hazy altar of Hepliaklqana.
 12162 | D:10     | Entered Level 10 of the Dungeon
 12174 | D:10     | Reached skill level 5 in Conjurations
 12174 | D:10     | Reached skill level 5 in Hexes
 12174 | D:10     | Reached skill level 5 in Summonings
 12174 | D:10     | Reached skill level 5 in Necromancy
 12174 | D:10     | Reached skill level 5 in Translocations
 12174 | D:10     | Reached skill level 5 in Transmutations
 12174 | D:10     | Reached skill level 5 in Fire Magic
 12174 | D:10     | Reached skill level 5 in Ice Magic
 12174 | D:10     | Reached skill level 5 in Air Magic
 12174 | D:10     | Reached skill level 5 in Earth Magic
 12174 | D:10     | Reached skill level 5 in Poison Magic
 12390 | D:10     | Killed an unseen horror
 13450 | D:10     | Found a staircase to the Orcish Mines.
 13593 | D:11     | Noticed a two-headed ogre
 13602 | D:11     | Killed a two-headed ogre
 13936 | D:11     | Identified the cursed +0 buckler "Dusk" {Int+2}
 13936 | D:11     | Noticed a death knight
 13939 | D:11     | Noticed a phantasmal warrior
 13951 | D:11     | Noticed a phantasmal warrior
 13969 | D:11     | Killed a phantasmal warrior
 13974 | D:11     | Killed a phantasmal warrior
 13979 | D:11     | Killed a death knight
 13979 | D:11     | Reached XP level 12. HP: 8/92 MP: 3/24
 14493 | D:11     | Noticed a two-headed ogre
 14503 | D:11     | Killed a two-headed ogre
 15131 | D:12     | Noticed a stone giant
 15143 | D:12     | Noticed an ogre mage
 15150 | D:12     | Killed a stone giant
 15159 | D:12     | Killed an ogre mage
 15164 | D:12     | Noticed a two-headed ogre
 15500 | D:12     | Killed a two-headed ogre
 16022 | D:12     | Noticed a four-headed hydra
 16031 | D:12     | Killed a one-headed hydra
 16032 | D:12     | Noticed a tengu warrior
 16042 | D:12     | Killed a tengu warrior
 16042 | D:12     | Reached XP level 13. HP: 92/100 MP: 24/26
 16143 | D:12     | Identified the +5 dagger of Objectivity {pain, +Inv}
 16614 | D:12     | Identified the Disquisition on Feathery Curses
 17728 | Lair:1   | Entered Level 1 of the Lair of Beasts
 18087 | Lair:1   | You fall into a shaft and drop 1 floor!
 19640 | Lair:3   | Noticed Nergalle
 19652 | Lair:3   | Killed Nergalle
 19894 | Lair:3   | Found a hole to the Spider Nest.
 20133 | Lair:3   | Found a staircase to the Swamp.
 20395 | Lair:4   | Reached skill level 10 in Spellcasting
 20439 | Lair:4   | Reached XP level 14. HP: 99/108 MP: 21/28
 20552 | Lair:4   | Found a gate leading to a gauntlet.
 20567 | Gauntlet | Entered a Gauntlet
 20567 | Gauntlet | Found a transporter.
 20576 | Gauntlet | Found a transporter.
 20577 | Gauntlet | Found a runed translucent door.
 20592 | Gauntlet | Found a transporter.
 20596 | Gauntlet | Found a transporter.
 20616 | Gauntlet | Found a transporter.
 20629 | Gauntlet | Found a transporter.
 20642 | Gauntlet | Found a transporter.
 20662 | Gauntlet | Found a transporter.
 20666 | Gauntlet | Found a transporter.
 20668 | Gauntlet | Noticed a dire elephant
 20674 | Gauntlet | Found a transporter.
 20702 | Gauntlet | Found a transporter.
 20702 | Gauntlet | Found a transporter.
 20730 | Gauntlet | Found a runed translucent door.
 20837 | Gauntlet | Got a pair of crude boots
 20838 | Gauntlet | Identified the +1 pair of boots of Plog {+Fly rF++ rC+}
                  | (You found it in a Gauntlet)
 21643 | Lair:4   | Reached skill level 10 in Fighting
 21643 | Lair:4   | Reached skill level 10 in Polearms
 21643 | Lair:4   | Reached skill level 10 in Dodging
 22304 | Lair:5   | Found a staircase to the Slime Pits.
 23266 | Lair:5   | Got a scorched granite ring
 23727 | Lair:6   | Entered Level 6 of the Lair of Beasts
 23871 | Lair:6   | Reached skill level 10 in Invocations
 24168 | Lair:6   | Noticed Urug
 24183 | Lair:6   | Killed Urug
 24828 | Lair:6   | Noticed a dire elephant
 24854 | Lair:6   | Killed a dire elephant
 25504 | Lair:6   | Reached XP level 15. HP: 104/117 MP: 24/29
 26042 | Orc:1    | Entered Level 1 of the Orcish Mines
 26042 | Orc:1    | Noticed Sonja
 26137 | D:10     | Killed Sonja
 26177 | D:10     | Reached skill level 10 in Armour
 26505 | Orc:1    | Found Widameir's Gadget Boutique.
 26578 | Orc:1    | Identified the cursed +1 broad axe "Buloh" {elec, rElec
                  | Dex+4}
 26579 | Orc:1    | Noticed lepoulpe303's ghost (journeyman SpEE)
 26580 | Orc:1    | Found a runed translucent gate.
 26580 | Orc:1    | Found a runed translucent gate.
 26580 | Orc:1    | Found a runed translucent gate.
 26587 | Orc:1    | Found a roughly hewn altar of Beogh.
 26751 | Orc:2    | Entered Level 2 of the Orcish Mines
 26778 | Orc:2    | Noticed Snorg
 26815 | Orc:2    | Killed Snorg
 27184 | Orc:2    | Noticed Saint Roka
 27237 | Orc:2    | Killed Saint Roka
 27648 | Orc:2    | Found Ysuum's Antique Armour Emporium.
 27649 | Orc:2    | Found a roughly hewn altar of Beogh.
 27663 | Orc:2    | Found Hecysk's Antique Weapon Shoppe.
 27675 | Orc:2    | Bought a slimy scale mail for 297 gold pieces
 27782 | Orc:2    | Reached skill level 10 in Charms
 27788 | Orc:2    | Noticed Erolcha
 27791 | Orc:2    | Paralysed by Erolcha for 4 turns
 27799 | Orc:2    | Killed Erolcha
 27861 | Orc:2    | Found a staircase to the Elven Halls.
 27889 | Orc:2    | Found a roughly hewn altar of Beogh.
 27962 | Orc:2    | Found a roughly hewn altar of Beogh.
 28076 | Orc:2    | Found a roughly hewn altar of Beogh.
 28242 | Orc:2    | Found a roughly hewn altar of Beogh.
 28293 | Orc:2    | Found Gel Cadau's General Store.
 28299 | Orc:2    | Bought a scroll of teleportation for 42 gold pieces
 28299 | Orc:2    | Bought a ration for 70 gold pieces
 28448 | Orc:2    | Found a roughly hewn altar of Beogh.
 28450 | Orc:2    | Found Qiath's General Store.
 28628 | Orc:2    | Bought a ration for 65 gold pieces
 28628 | Orc:2    | Bought a scroll of identify for 26 gold pieces
 28632 | Orc:2    | Identified the ring of Vuvozith {*Tele rF+} (You found it
                  | on level 5 of the Lair of Beasts)
 28634 | Orc:2    | Bought a scroll of identify for 26 gold pieces
 29059 | D:13     | Reached skill level 10 in Short Blades
 29059 | D:13     | Reached skill level 10 in Long Blades
 29059 | D:13     | Reached skill level 10 in Axes
 29059 | D:13     | Reached skill level 10 in Maces & Flails
 29059 | D:13     | Reached skill level 10 in Staves
 29059 | D:13     | Reached skill level 10 in Slings
 29059 | D:13     | Reached skill level 10 in Bows
 29059 | D:13     | Reached skill level 10 in Crossbows
 29059 | D:13     | Reached skill level 10 in Throwing
 29059 | D:13     | Reached skill level 10 in Stealth
 29059 | D:13     | Reached skill level 10 in Shields
 29059 | D:13     | Reached skill level 10 in Unarmed Combat
 29059 | D:13     | Reached skill level 10 in Evocations
 29395 | D:13     | Found a portal to a secret trove of treasure.
 29481 | D:13     | Noticed Jorgrun
 29498 | D:13     | Killed Jorgrun
 29498 | D:13     | Reached skill level 10 in Conjurations
 29843 | D:13     | Noticed Maurice
 29852 | D:13     | Killed Maurice
 30265 | D:14     | Identified the Volume of Dislocation and the Volcanoes
 30313 | D:14     | Identified a scroll of acquirement
 30314 | D:14     | Acquired 1670 gold pieces
 30564 | D:14     | Found a gate to the Vaults.
 30978 | D:15     | Entered Level 15 of the Dungeon
 30981 | D:15     | Noticed Kirke
 31005 | D:15     | Killed Kirke
 31218 | D:15     | Identified Roxanne's Incunabulum of Earth
 31218 | D:15     | Noticed Roxanne
 31243 | D:15     | Killed from afar by Roxanne

Illustrated notes

Levels and vault maps discovered:
D:1:      heliophobic_arrival_henge, layout_basic
D:2:      layout_rooms, chequers_ecumenical_altar_simple_redux,
          uniq_crazy_yiuf_cottage
D:3:      layout_basic, chequers_serial_rivers_micro_c, elyvilon_altar_1,
          uniq_terence
D:4:      layout_basic, first_ration, grunt_decor_clamped, minmay_hedge_maze
D:5:      layout_loops_cross, portal_sewer_entry_e, gup_ossuary_entry_pyramid,
          serial_shops, nicolae_shop_behind_doors
D:6:      layout_gridville, overflow_temple_1_default, cheibriados_altar_1,
          hangedman_decor_opposing
D:7:      layout_rooms, overflow_temple_1_default, temple_doors_e, uniq_maggie
D:8:      layout_cave_pools, lair_entry_dummy, kennysheep_windowed_goal
D:9:      layout_loops_corners, grunt_temple_overflow_open, marbit_many_paths,
          grunt_livestock
D:10:     layout_loops_ring
D:11:     layout_rooms
D:12:     minmay_the_grid_square_5x5_5x5_mashed
          [minmay_the_grid_square_5x5_three, minmay_the_grid_square_5x5_dogpile,
          minmay_the_grid_square_5x5_bite, minmay_the_grid_square_5x5_gyroscope,
          minmay_the_grid_square_5x5_corner, minmay_the_grid_square_5x5_tie,
          minmay_the_grid_square_5x5_prize_waves,
          minmay_the_grid_square_5x5_inner_z,
          minmay_the_grid_square_5x5_prize_gold, minmay_the_grid_square_5x5_n,
          minmay_the_grid_square_5x5_minibox,
          minmay_the_grid_square_5x5_spiral_small,
          minmay_the_grid_square_5x5_prize_itemx,
          minmay_the_grid_square_5x5_hourglass,
          minmay_the_grid_square_5x5_trominoes,
          minmay_the_grid_square_5x5_minivault,
          minmay_the_grid_square_5x5_prize_deathbox,
          minmay_the_grid_square_5x5_longway,
          minmay_the_grid_square_5x5_prize_monsterx,
          minmay_the_grid_square_5x5_percent,
          minmay_the_grid_square_5x5_two_small,
          minmay_the_grid_square_5x5_shrine2, minmay_the_grid_square_5x5_two,
          minmay_the_grid_square_5x5_c, minmay_the_grid_square_5x5_bracketed],
          layout_irregular_city, grunt_decor_mini_mirrors
D:13:     layout_irregular_city, trove_entry_hex_spiral, serial_bayou_pond_d,
          uniq_jorgrun, uniq_maurice
D:14:     cheibrodos_wizards_tower, layout_rooms, david_vaults_2
D:15:     grunt_enter_depths_magical_seal, layout_layer_cave,
          roderic_lattice_octagonal_star, serial_shops, nicolae_shop_trees,
          hangedman_decor_push, uniq_roxanne, uniq_kirke
Temple:   jpeg_temple_alley_garden
Lair:1:   layout_chaotic_city
Lair:2:   layout_cave_shapes, grunt_megastairs_5
Lair:3:   layout_misc_corridors, swamp_mist, spider_nest_entry_a, minivault_19,
          uniq_nergalle
Lair:4:   layout_layer_cave, enter_volcano_2, gauntlet_entry_generic
Lair:5:   layout_cellular_growth, minmay_slime_entry_pillars,
          grunt_forest_large_clearing_hut, serial_bayou_shore_b
Lair:6:   grunt_lair_end_beastmaster, layout_regular_city,
          small_statue_intersection, bobbens_ice_dragon_lair,
          serial_bayou_shore_b, uniq_urug
Orc:1:    layout_caves, serial_shops, shop, biasface_ghost_orc_armoury,
          uniq_sonja
Orc:2:    grunt_orc_community_town_hall, layout_caves,
          grunt_orc_community_big_house_2, grunt_orc_community_big_house_1,
          grunt_orc_community_house_2, grunt_orc_community_house_2,
          grunt_orc_community_house_2, grunt_orc_community_house_1,
          grunt_orc_community_house_2, nicolae_orc_tapped_out, uniq_snorg,
          uniq_erolcha

Skill      XL: |  1  2  3  4  5  6  7  8  9 10 11 12 13 14 15 |
---------------+----------------------------------------------+-----
Spellcasting   | 5 6 7 8 9 10 11 | 11.3
Invocations    | 1 2 3 4 5 6 7 8 9 10 11 | 11.1
Short Blades   | 1 2 3 4 5 6 7 8 9 10 | 10.2
Long Blades    | 1 2 3 4 5 6 7 8 9 10 | 10.2
Axes           | 1 2 3 4 5 6 7 8 9 10 | 10.2
Maces & Flails | 1 2 3 4 5 6 7 8 9 10 | 10.2
Staves         | 1 2 3 4 5 6 7 8 9 10 | 10.2
Slings         | 1 2 3 4 5 6 7 8 9 10 | 10.2
Bows           | 1 2 3 4 5 6 7 8 9 10 | 10.2
Crossbows      | 1 2 3 4 5 6 7 8 9 10 | 10.2
Throwing       | 1 2 3 4 5 6 7 8 9 10 | 10.2
Stealth        | 1 2 3 4 5 6 7 8 9 10 | 10.2
Shields        | 1 2 3 4 5 6 7 8 9 10 | 10.2
Unarmed Combat | 1 2 3 4 5 6 7 8 9 10 | 10.2
Evocations     | 1 2 3 4 5 6 7 8 9 10 | 10.2
Conjurations   | 1 2 3 4 5 6 7 9 10 | 10.2
Hexes          | 1 2 3 4 5 6 7 8 |  8.7
Summonings     | 1 2 3 4 5 6 7 8 |  8.7
Necromancy     | 1 2 3 4 5 6 7 8 |  8.7
Translocations | 1 2 3 4 5 6 7 8 |  8.7
Transmutations | 1 2 3 4 5 6 7 8 |  8.7
Fire Magic     | 1 2 3 4 5 6 7 8 |  8.7
Ice Magic      | 1 2 3 4 5 6 7 8 |  8.7
Air Magic      | 1 2 3 4 5 6 7 8 |  8.7
Earth Magic    | 1 2 3 4 5 6 7 8 |  8.7
Poison Magic   | 1 2 3 4 5 6 7 8 |  8.7
Armour         | 3 4 5 6 7 8 9 10 | 10.6
Fighting       | 5 6 7 8 9 10 11 | 11.1
Polearms       | 5 6 7 8 9 10 11 | 11.1
Dodging        | 5 6 7 8 9 10 11 | 11.1
Charms         | 6 7 8 9 10 | 10.2

Action                   |  1- 3 |  4- 6 |  7- 9 | 10-12 | 13-15 || total
-------------------------+-------+-------+-------+-------+-------++-------
Melee: Spear             |   118 |   233 |       |       |       ||   351
       Bite              |    11 |    23 |    41 |    75 |   183 ||   333
       Punch             |       |     2 |     3 |       |       ||     5
       Trident           |       |    15 |   191 |   596 |       ||   802
       Dagger            |       |       |    78 |       |   496 ||   574
       Long sword        |       |       |    91 |    63 |   156 ||   310
       Unarmed           |       |       |       |     7 |       ||     7
       Scimitar          |       |       |       |    13 |   656 ||   669
Throw: Dart              |       |       |       |    10 |    15 ||    25
       Javelin           |       |       |       |       |    86 ||    86
 Cast: Infusion          |     5 |     7 |     5 |     9 |     5 ||    31
       Song of Slaying   |     3 |     2 |    13 |    16 |    25 ||    59
       Shroud of Golubri |     1 |     4 |     5 |     8 |     9 ||    27
       Spectral Weapon   |       |    16 |    43 |    60 |    84 ||   203
       Ozocubu's Armour  |       |     1 |     1 |       |       ||     2
       Blink             |       |       |       |     2 |     2 ||     4
Invok: Potion Petition   |       |       |       |       |     1 ||     1
 Abil: Evoke Invisibilit |       |       |       |       |     1 ||     1
       Evoke Flight      |       |       |       |       |     2 ||     2
Evoke: Wand              |       |     1 |     1 |    18 |     8 ||    28
  Use: Potion            |       |       |     1 |       |       ||     1
       Scroll            |       |       |       |     2 |    26 ||    28
 Stab: Sleeping          |     1 |     3 |     1 |     6 |    18 ||    29
       Distracted        |       |     2 |     4 |     9 |    12 ||    27
       Invisible         |       |       |       |       |     8 ||     8
  Eat: Chunk             |     1 |    12 |    19 |     2 |       ||    34
       Ration            |       |       |       |     7 |    14 ||    21
Armor: Leather armour    |    17 |    38 |    51 |       |       ||   106
       Acid dragon scale |       |       |    31 |   162 |    80 ||   273
       Shadow dragon sca |       |       |       |       |   269 ||   269
Dodge: Dodged            |    57 |   102 |   231 |   316 |   618 ||  1324
Block: Kite shield       |       |       |    61 |   283 |   643 ||   987
       Rpst.: Long sword |       |       |     8 |     8 |    29 ||    45
       Scimitar          |       |       |       |     2 |    71 ||    73
